Cogmind - Beta 15 @@@ ROGUE MODE // 2025.06.27 @ 10:57:03 Player: Crowsaint Result: Destroyed by Y-45 Defender with Heavy Assault Rifle Performance ------------- Evolutions (2) 1000 Regions Visited (3) 600 Robots Destroyed (49) 245 Value Destroyed (1374) 1374 Prototype IDs (0) 0 Alien Tech Used (0) 0 Bonus (0) 0 TOTAL SCORE: 3219 Bonus ------- None Cogmind --------- Core Integrity 0/550 Matter 225/300 Energy 100/100 System Corruption 0% Temperature Warm (139) Movement Core (250) Ox4 Location -8/Materials Parts ------- > --- POWER (1) -------- (None) > --- PROPULSION (4) --- (None) > --- UTILITY (4) ------ Medium Storage Unit Improved Signal Interpreter > --- WEAPON (2) ------- Gatling Laser > --- INVENTORY (10) --- Heavy Assault Rifle Datajack Peak State ------------ > --- POWER ------------ Reinforced Ion Engine > --- PROPULSION ------- Improved Aluminum Leg Improved Aluminum Leg Wheel Wheel > --- UTILITY ---------- Improved Heat Sink Medium Storage Unit Hardened Heavy Armor Plating > --- WEAPON ----------- Gatling Laser EM Pulse Cannon > --- INVENTORY -------- Ion Engine Aluminum Leg Aluminum Leg Improved Shield Generator Beam Rifle Gatling Laser Gatling Laser Heavy Assault Rifle Datajack Hammer [Rating: 29] Favorites ----------- Power Reinforced Ion Engine Engine Reinforced Ion Engine Propulsion Aluminum Leg Treads Light Treads Leg Aluminum Leg Wheel Wheel Utility Medium Storage Unit Device Improved Heat Sink Storage Medium Storage Unit Processor Improved Signal Interpreter Hackware Hacking Suite Protection Hardened Heavy Armor Plating Weapon Assault Rifle Energy Gun Gatling Laser Energy Cannon EM Pulse Cannon Ballistic Gun Assault Rifle Ballistic Cannon Light Cannon Launcher Mini Grenade Launcher Special Melee Weapon Datajack Build | -11 -10 -9 -8 ------- Run | Yrd Mat Mat Mat Slots Evolved 4 | . . 2 2 Power . | . . . . Propulsion 2 | . . 2 . Utility 2 | . . . 2 Weapon . | . . . . Parts Attached 50 | 6 5 19 20 Power 5 | 1 1 2 1 Engine 5 | 1 1 2 1 Core . | . . . . Reactor . | . . . . Propulsion 19 | 2 1 10 6 Treads 3 | . . 3 . Leg 10 | 2 1 4 3 Wheel 6 | . . 3 3 Hover . | . . . . Flight . | . . . . Utility 12 | 1 1 5 5 Device 4 | . . 3 1 Storage 3 | 1 . 1 1 Processor 1 | . . . 1 Hackware 1 | . 1 . . Protection 3 | . . 1 2 Artifact . | . . . . Weapon 14 | 2 2 2 8 Energy Gun 5 | . . 2 3 Energy Cannon 1 | . . . 1 Ballistic Gun 3 | 2 . . 1 Ballistic Cannon 3 | . 1 . 2 Launcher 1 | . . . 1 Special Weapon . | . . . . Impact Weapon . | . . . . Slashing Weapon . | . . . . Piercing Weapon . | . . . . Special Melee Weapon 1 | . 1 . . Unidentified Prototypes . | . . . . Parts Lost 26 | . . 5 21 Power 3 | . . 1 2 Propulsion 10 | . . 2 8 Utility 5 | . . 1 4 Weapon 8 | . . 1 7 Highest Loss Streak 9 | . . 2 9 To Critical Strikes . | . . . . Average Backups 8 | 3 7 7 8 Power 1 | . 1 1 . Propulsion 1 | 2 4 2 . Utility . | . . . . Weapon 3 | . 1 2 4 Tool/Special . | . . . . Unused Backups 11 | . 2 4 5 Power 2 | . 1 . 1 Propulsion 4 | . . 4 . Utility . | . . . . Weapon 5 | . 1 . 4 Tool/Special . | . . . . Average Slot Usage (%) 90 | . 97 98 83 Engine 10 | . 14 10 8 Treads 3 | . . 11 . Leg 22 | . 28 15 25 Wheel 8 | . . 16 5 Device 6 | . . 6 8 Storage 10 | . 14 11 9 Hackware 2 | . 12 2 . Protection 4 | . . 1 7 Energy Gun 6 | . . 8 7 Energy Cannon 3 | . . . 5 Ballistic Gun 7 | . 27 11 . Ballistic Cannon 1 | . . 2 1 Peak Build Rating 29 | 6 9 16 29 Average Rating 19 | 3 8 12 26 On Entrance 7 | . 6 9 16 Naked Turns . | . . . . Heaviest Build 52 | 14 15 23 52 Greatest Support 46 | 20 20 26 46 Greatest Overweight (x) 10 | 2 . 2 10 Average Overweight (x) 1 | . . . 1 Largest Inventory Capacity 10 | 8 8 8 10 Average Capacity 8 | 6 8 8 9 Most Carried 10 | 6 8 8 10 Average Carried 8 | 3 7 7 8 Final Capacity 10 | 8 8 8 10 Final Carried 8 | 6 8 8 2 Class Distribution -------------------- 59% | Scavenger-Mutant 40% | Mutant Dominant Class ---------------- Mutant | -10/Materials Scavenger-Mutant | -9/Materials Scavenger-Mutant | -8/Materials Resources | -11 -10 -9 -8 ----------- Run | Yrd Mat Mat Mat Matter Collected 1220 | 214 175 507 324 Remotely 320 | . . 320 . Salvage Created 1711 | . 165 783 763 Parts 90 | . 15 36 39 Haulers Intercepted . | . . . . Recyclers Shooed 3 | . 1 2 . Parts Field Recycled . | . . . . Retrieved Matter . | . . . . Parts Self-Destructed . | . . . . Prevented . | . . . . Kills | -11 -10 -9 -8 ------- Run | Yrd Mat Mat Mat Combat Hostiles Destroyed 34 | . 5 14 15 Guns 20 | . 5 11 4 Cannons 7 | . . 3 4 AOE 5 | . . . 5 Classes Destroyed 12 | . 3 6 3 Worker 3 | . . 1 2 Builder 2 | . . . 2 Tunneler 1 | . . . 1 Recycler 3 | . . 2 1 Mechanic 1 | . . 1 . Operator 1 | . 1 . . Watcher 4 | . . 1 3 Swarmer 9 | . 2 4 3 Grunt 17 | . 3 4 10 Brawler 2 | . . 2 . Sentry 5 | . . 4 1 Hunter 1 | . . . 1 Best Kill Streak 6 | . 2 4 6 Combat Bots Only 4 | . 2 4 3 Max Kills in Single Turn 3 | . 1 1 3 Gunslinging . | . . . . Exploded 2 | . . . 2 Melee . | . . . . Uniques/NPCs Destroyed . | . . . . Combat | -11 -10 -9 -8 -------- Run | Yrd Mat Mat Mat Hostile Shots Fired 404 | . 32 81 291 Missed 111 | . 7 14 90 Hits 293 | . 25 67 201 Melee 1 | . . 1 . Projectile 292 | . 25 66 201 Critical Strikes 9 | . . 3 6 Damage Taken 4201 | . 246 823 3132 Core 621 | . 36 28 557 Absorbed by Shields 219 | . . . 219 Core Remaining (%) 92 | 100 85 93 . Volleys Fired 133 | . 24 58 51 Largest 2 | . 2 2 2 Hottest 143 | . 40 76 143 Shots Fired 244 | . 48 114 82 Gun 164 | . 48 93 23 Cannon 72 | . . 21 51 Launcher 8 | . . . 8 Special . | . . . . Kinetic 142 | . 48 77 17 Thermal 60 | . . 37 23 Explosive 8 | . . . 8 Electromagnetic 34 | . . . 34 Robot Hit Streak 17 | . 7 17 12 Robot Miss Streak 6 | . 4 4 6 Penetration Max . | . . . . Secondary Targets . | . . . . Shots Hit Robots 167 | . 30 76 61 Core Hits 87 | . 10 31 46 Critical Kills 1 | . 1 . . Critical Parts Destroyed . | . . . . Critical Strikes 11 | . 1 5 5 Burn 3 | . . 3 . Destroy 1 | . 1 . . Blast 4 | . . 2 2 Corrupt 3 | . . . 3 Melee Attacks 1 | . 1 . . Impact . | . . . . Slashing . | . . . . Piercing . | . . . . Sneak Attacks . | . . . . Combat Hostiles . | . . . . Follow-up Attacks . | . . . . Damage Inflicted 3587 | . 368 1083 2136 Guns 1702 | . 368 918 416 Cannons 1113 | . . 157 956 Explosions 736 | . . . 736 Melee . | . . . . Ramming 36 | . . 8 28 Kinetic 1280 | . 368 608 304 Thermal 952 | . . 467 485 Explosive 667 | . . . 667 Electromagnetic 652 | . . . 652 Impact . | . . . . Slashing . | . . . . Piercing . | . . . . Highest Corruption 2 | . . 2 . Average Corruption 2 | . . 2 . Corruption Purged . | . . . . Corruption Blocked . | . . . . Effects 7 | . . 7 . Message Errors 1 | . . 1 . Matter Fused 3 | . . 3 . Heat Flow Errors 2 | . . 2 . Alerts 1 | . . 1 . Overload Shots . | . . . . Overflow Damage 18 | . . . 18 Projectiles 7 | . . . 7 Explosions 11 | . . . 11 Melee . | . . . . Knockbacks 5 | . . . 5 Impact . | . . . . Kinetic 4 | . . . 4 Secondary 1 | . . . 1 Self-Inflicted Damage 168 | . . . 168 Shots 7 | . . . 7 Rammed 5 | . . 3 2 Targets Rammed 8 | . . 4 4 Kicked 3 | . . 1 2 Crushed . | . . . . Highest Temperature 247 | . . 237 247 Average Temperature 67 | . . 65 69 Received Heat Transfer 1469 | . 96 342 1031 Effects 1 | . . . 1 Interference 1 | . . . 1 Siege Activations . | . . . . Martial Activations . | . . . . Shielding Activations . | . . . . Robots Disrupted . | . . . . Combat Hostiles . | . . . . Robots Corrupted 2 | . . . 2 Combat Hostiles 2 | . . . 2 Parts Fried 3 | . . . 3 Impact Corruptions . | . . . . Robots Melted . | . . . . Combat Hostiles . | . . . . Parts Melted 1 | . . 1 . Heat Transferred 2456 | . . 1406 1050 Parts Sabotaged . | . . . . Parts Stolen . | . . . . Parts Stripped . | . . . . Power Chain Reactions 2 | . . . 2 Alert | -11 -10 -9 -8 ------- Run | Yrd Mat Mat Mat Maximum Alert Level 1 | . . 1 1 Low Security (%) 96 | 100 100 99 93 Level 1 3 | . . . 6 Level 2 . | . . . . Level 3 . | . . . . Level 4 . | . . . . Level 5 . | . . . . High Security . | . . . . Max Security . | . . . . Peak Influence 269 | . 91 207 269 Initial 53 | . . 21 53 Average 90 | . 41 138 75 Influence Increases 1359 | . 161 482 716 Destroy 0b10 Robot/C 680 | . 100 280 300 Destroy 0b10 Robot/NC 75 | . 5 25 45 Destroy Leader 168 | . 10 82 76 Successful Hack 30 | . 30 . . Disable Machine 75 | . 15 15 45 Destroy Structure 76 | . 1 5 70 Lose Combat Pursuer 255 | . . 75 180 Influence Decreases 1116 | . 110 406 600 Entered New Map 104 | . . 30 74 Time Decay 752 | . 110 326 316 Lost Part 260 | . . 50 210 Squads Dispatched 9 | . 1 1 7 Investigation 2 | . . . 2 Extermination . | . . . . Reinforcement 7 | . 1 1 5 Assault . | . . . . Garrison . | . . . . Intercept . | . . . . Searches Triggered . | . . . . Construction Impeded 1 | . . . 1 Haulers Reinforced . | . . . . Active Scanning Responses . | . . . . Cargo Convoy Interrupts . | . . . . Stealth | -11 -10 -9 -8 --------- Run | Yrd Mat Mat Mat Distress Signals 6 | . . 2 4 Communications Jammed . | . . . . Distress Signals . | . . . . Times Spotted 78 | . 7 29 42 Peak Tracking Total 11 | . 3 7 11 Tactical Retreats 7 | . . 3 4 Traps | -11 -10 -9 -8 ------- Run | Yrd Mat Mat Mat Traps Triggered 2 | . . . 2 Indirectly . | . . . . Trap Hack Attempts . | . . . . Triggered . | . . . . Disarmed . | . . . . Reprogrammed . | . . . . Reused . | . . . . Traps Extracted . | . . . . Installed . | . . . . Triggered . | . . . . Machines | -11 -10 -9 -8 ---------- Run | Yrd Mat Mat Mat Machines Disabled 5 | . 1 1 3 Max in Single Turn 1 | . 1 1 1 Machines Repaired . | . . . . Machines Dismantled . | . . . . Machines Sabotaged . | . . . . Overloaded Fab Kills . | . . . . Hacking | -11 -10 -9 -8 --------- Run | Yrd Mat Mat Mat Machines Accessed 6 | . 2 2 2 Terminals 6 | . 2 2 2 Fabricators . | . . . . Repair Stations . | . . . . Recycling Units . | . . . . Scanalyzers . | . . . . Garrison Access . | . . . . Total Hacks 13 | . 4 5 4 Successful 7 | . 3 2 2 Failed 6 | . 1 3 2 Catastrophic . | . . . . Database Lockouts . | . . . . Manual 4 | . . 3 1 Terminals 13 | . 4 5 4 Fabricators . | . . . . Repair Stations . | . . . . Recycling Units . | . . . . Scanalyzers . | . . . . Garrison Access . | . . . . Terminal Hacks 7 | . 3 2 2 Record 1 | . . . 1 Level Access Points 1 | . 1 . . Branch Access Points 1 | . 1 . . Locate Traps 2 | . 1 . 1 Maintenance Status 1 | . . 1 . Zone Layout 1 | . . 1 . Fabricator Hacks . | . . . . Repair Station Hacks . | . . . . Recycling Unit Hacks . | . . . . Scanalyzer . | . . . . Garrison Access Hacks . | . . . . Unauthorized Hacks . | . . . . Terminals . | . . . . Fabricators . | . . . . Repair Stations . | . . . . Recycling Units . | . . . . Scanalyzers . | . . . . Garrison Access . | . . . . Data Cores Recovered . | . . . . Used . | . . . . Hacking Detections 6 | . 2 2 2 Full Trace Events . | . . . . Feedback Events . | . . . . Feedback Blocked . | . . . . Robot Schematics Acquired . | . . . . Robots Built . | . . . . Authchips . | . . . . Time . | . . . . Total Robot Build Rating . | . . . . Part Schematics Acquired . | . . . . Parts Built . | . . . . Authchips . | . . . . Time . | . . . . Total Part Build Rating . | . . . . Parts Repaired . | . . . . Time . | . . . . Parts Recycled . | . . . . Recycled Matter . | . . . . Retrieved Matter . | . . . . Retrieved Components . | . . . . Parts Scanalyzed . | . . . . Part Schematics Acquired . | . . . . Parts Damaged . | . . . . Bothacking | -11 -10 -9 -8 ------------ Run | Yrd Mat Mat Mat Used RIF Installer . | . . . . Robots Hacked 1 | . 1 . . Non-combat . | . . . . Combat 1 | . 1 . . Robot Hacks Applied 1 | . 1 . . parse_system 1 | . 1 . . Relay Couplers Released . | . . . . Fabnet Peak Effective % . | . . . . Robots Rewired . | . . . . Allies Hacked . | . . . . Hacks Repelled . | . . . . Allies | -11 -10 -9 -8 -------- Run | Yrd Mat Mat Mat Total Allies . | . . . . Largest Group . | . . . . Highest-Rated Group . | . . . . Highest-Rated Ally . | . . . . Total Orders . | . . . . Ally Attacks . | . . . . Total Damage . | . . . . Kills . | . . . . Allies Corrupted . | . . . . Allies Melted . | . . . . Intel | -11 -10 -9 -8 ------- Run | Yrd Mat Mat Mat Active Infowar (turns) . | . . . . Robot Analysis Total . | . . . . Derelict Logs Recovered . | . . . . Drone Launches . | . . . . Drone Recoveries . | . . . . Exploration | -11 -10 -9 -8 ------------- Run | Yrd Mat Mat Mat Turns Passed 2183 | 56 269 733 1125 Spaces Moved 957 | 39 120 287 511 Core 21 | 14 . . 7 Treads 27 | . . 27 . Legs 616 | 25 120 179 292 Wheels 293 | . . 81 212 Hover . | . . . . Flight . | . . . . Fastest Speed 50 | 50 120 80 95 Average Speed 149 | 107 120 145 162 Slowest Speed 550 | 150 120 260 550 Overloaded Moves . | . . . . Propulsion Burnouts . | . . . . Robots Hopped . | . . . . Potential Cave-ins . | . . . . Cave-ins Triggered . | . . . . Exploration Rate (%) 21 | 4 21 24 38 Regions Visited 3 Branch Regions . Pre-discovered Areas . | . . . . Known Exits Taken 1 | . 1 . . Unknown Exits Taken 2 | 1 . 1 . Scrap Searched . | . . . . Spaces Dug . | . . . . Terrain Destroyed 76 | . . . 76 Melee . | . . . . Projectile 3 | . . . 3 AOE 73 | . . . 73 Terrain Rammed . | . . . . Walls Destroyed . | . . . . Machines Disabled . | . . . . Actions | -11 -10 -9 -8 --------- Run | Yrd Mat Mat Mat Total 1453 | 50 197 488 718 Wait 225 | . 39 92 94 Move 954 | 38 119 286 511 Hop . | . . . . Pick Up 30 | 6 4 10 10 Fast Attach 26 | 6 1 7 12 Attach 16 | . . 5 11 Detach 3 | . . . 3 Swap 22 | . 5 9 8 Drop 35 | . 4 17 14 Fire 133 | . 24 58 51 Melee 1 | . 1 . . Ram 2 | . . . 2 Kick 3 | . . 1 2 Crush 3 | . . 3 . Escape Stasis . | . . . . Rewire . | . . . . Trap . | . . . . Miscellaneous . | . . . . Route ------- -11/Scrapyard -10/Materials (discovered 5 exits: *Mat x3 / Min x2) -9/Materials -8/Materials History --------- Turn | Location | Event 18 | -11/Scrapyard | Discovered new exit (range 15) 57 | -11/Scrapyard | Entered Materials 212 | -10/Materials | Identified exit to Mines 212 | -10/Materials | Identified exit to Materials 309 | -10/Materials | Build established: Mutant 326 | -10/Materials | Entered another Materials area 326 | -9/Materials | Evolved 2 slots: Propulsion x2 843 | -9/Materials | Build established: Scavenger-Mutant 940 | -9/Materials | Discovered new exit (range 15) 1059 | -9/Materials | Entered another Materials area 1059 | -8/Materials | Evolved 2 slots: Utility x2 2002 | -8/Materials | Core integrity fell below 50% 2054 | -8/Materials | Lost 9 parts (4n2u3w) 2166 | -8/Materials | Lost 5 parts (1p2n1u1w) 2177 | -8/Materials | Core integrity fell below 20% 2184 | -8/Materials | Destroyed by Y-45 Defender with Heavy Assault Rifle Last Messages --------------- Critical hit (Burn: +37). VSS Leg destroyed. Y-45 Defender destroyed. ALERT: Hostiles spotted, dispatching reinforcements to Terminal M003. Critical hit (Burn: +37). Hrd. Medium Armor Plating destroyed. G-47 Trooper destroyed. W-25 Informer sends out distress signal. K-01 Serf collects debris. G-47 Trooper destroyed. Material Processor disabled. VSS Leg destroyed. U-05 Engineer destroyed. U-05 Engineer lays Concrete. U-05 Engineer builds a Wall. Mni. Grenade Launcher destroyed. U-05 Engineer lays Concrete. Rnf. Ion Engine destroyed. U-05 Engineer builds a Wall. Map ----- +----------------------------------------------------+ | ?????????# ????????????# """"" #?## /%% ### | | ?????????# ????????????# #??# #= ### | | ??????""?# ???????????#####+###??# # * % ### | | ????##"Y"# ############## #### ########?# | | ??? ! ###??????# | | ??? #????????# | | ??? #????????# | | ?????? """" = !!! ####### ###+#+########### | | ????????""" !!* #?######## ## ##T"# = | | ??#!! """" *!!* #?"T" # ## ## "# | | ??# ! # + + / *% | | ??# = # #### #####= ! | | ??+ #### ![+ #??# #???#*%% | | ?????????# *%# """ #??# #?#####+ | | ?????????######## [=#g """"" #??# #?# %* | | ????????????????# =# """"" #??# #?# | | ????????????????# # % " #??###########?# | | ????????????????# # #??????????????# | | ????????????????# ## #??????????????# | | ????????????????# u Yg%= ##??????????????# | | ????????? # ##?????############### | | ????? + #####/## #????# #?????? | | ?????? ???????? g #?????#""" #?????? | | ???????????????????? #?????#""" #?????? | | ???????????????????????# #?????#""" #?????? | | ???????????????????????# @r##?????# #?????? | | ???????????????????????## ##??????#""" #?????? | | ????????????????????????# #???????#""" #?????? | | ????????????????????????# #???????#""" #?????? | | ????????????????????????# #???????# [ #?????? | | ????????????????????????# #???????#####+########## | | ????????????????????????# #??????????# | | ????????????????????????# #??????????# | | ????????????????????????# #??????????# | | ????????????????????????? ???????????# ####### | | ?????????????????????????Y???????????# ####### | | ????????????????????????? ???????????# ## # | | ????????????????????????? ???????????# ## # | | ?????????????????????????g???????????# ## # | | ????????????????????????? ???????????# ## # | | ????????????????????????? ???????????# ## # | | ?????????????????????????????######### ## # | | ?????????????????????????????# [[ # ## # | | ?????????????????????????????# [[ # ## # | | ?????????????????????????????# # #? # | | ?????????????????????????????# # ####+## | | ?????????????????????????????# #% | | ?????????????????????????????# + | | ?????????????????????????????# # | | ?????????????????????????????# # ## # | +----------------------------------------------------+ Best States ------------- Heat Dissipation 45 Energy Generation 14 Energy Capacity 275 Matter Stores 300 Matter Capacity 300 Sight Range 16 Terrain Scan Density 10 Armor Coverage 600 Evasion (%) 55 Recoil Reduction 1 Offensive Hacking 10 Item Schematics ----------------- None Robot Schematics ------------------ None Fabricated ------------ Nothing Repaired ---------- Nothing Alien Tech Used ----------------- None Achievements -------------- Use The Force Challenges ------------ None Game ------ Seed FusionNodeHumpback Manual? 0 Play Time 00:42:08 Cumulative 21.5 hours Start 2025.06.27 @ 10:15:06 End 2025.06.27 @ 10:57:03 Sessions 1 Manual Loads 0 Difficulty Rogue Special Mode None Game No. 25 Rogue 24 Adventurer 1 Explorer 0 Win Type - Total 0 Types 0/0/0/0/0/0/0/0/0/0 Lore% 11 Gallery% 16 Achievement% 19 Wizard Run 0 Options --------- Layout 1 ASCII 1 Keyboard 1 Movement Vi Keybinds 0 Fullscreen 1 Font 24/Smallcaps Map View 50x35 Zoom Use 0% Tactical HUD 0 Map Filters NONE Filters NONE Steam 1 RUN: c9d34de1-1eaf-4885-9632-1a2711f08ede